 Dungeon Crawl Stone Soup version 0.26-a0-812-g31a745ddcd (webtiles) character file.

Game seed: 16691747112021479840

2 Lanoc the Grave Robber (level 1, 0/10 HPs)
             Began as a Gargoyle Necromancer on Nov 23, 2020.
             Slain by a kobold
             ... wielding a +0 club
              (3 damage)
             ... on level 1 of the Dungeon.
             The game lasted 00:00:14 (71 turns).

Lanoc the Grave Robber (Gargoyle Necromancer)         Turns: 71, Time: 00:00:14

Health: 0/10       AC:  4    Str: 11    XL:     1   Next: 40%
Magic:  1/3        EV: 12    Int: 15    God:
Gold:   5          SH:  0    Dex: 10    Spells: 3/4 levels left

rFire    . . .     SeeInvis .   (no weapon)
rCold    . . .     Faith    .   (no shield)
rNeg     + . .     Spirit   .   a - +0 robe
rPois    ∞         Reflect  .   (no helmet)
rElec    +         Harm     .   (no cloak)
rCorr    .         Rampage  .   (no gloves)
MR       .....                  (no boots)
Stlth    ++........             (no amulet)
HPRegen  0.03/turn              (no ring)
MPRegen  0.08/turn              (no ring)

@: no status effects
A: negative energy resistance 1, electricity resistance, unbreathing,
petrification resistance, rot immunity, AC +2
a: no special abilities


You were on level 1 of the Dungeon.
You visited 1 branch of the dungeon, and saw 1 of its levels.

You collected 5 gold pieces.

Inventory:

Armour
 a - a +0 robe (worn)


   Skills:
 + Level 1.7 Dodging
 - Level 2.1 Stealth
 - Level 2.0 Spellcasting
 + Level 3.3 Necromancy


You had 3 spell levels left.
You knew the following spells:

 Your Spells              Type           Power        Failure   Level
a - Pain                  Necr           ##..         5%          1

Your spell library contained the following spells:

 Spells                   Type           Power        Failure   Level
 Animate Skeleton         Necr           ##....       5%          1
 Vampiric Draining        Necr           ##........   17%         3
 Animate Dead             Necr           ##........   50%         4
 Agony                    Necr           ##......     83%         5


Dungeon Overview and Level Annotations

Branches:
Dungeon (1/15)

Altars:


Innate Abilities, Weirdness & Mutations

You are resistant to torment.
Your stone body is resilient. (AC +2)
You are immune to poison.
You resist negative energy. (rN+)
You are resistant to electric shocks. (rElec)
You can survive without breathing.
You are immune to petrification.
You are immune to rotting.


Message History

Aiming: Pain (safe; 6% risk of failure)
Press: ? - help, Shift-Dir - straight line, f - kobold
Aim: a kobold, wielding a +0 whip (heavily wounded, chance to defeat MR: 80%)
The kobold writhes in agony.
You kill the kobold!
There is a stone staircase leading down here.
You hit the kobold but do no damage. The kobold closely misses you.
You barely miss the kobold. The kobold misses you.
You closely miss the kobold. The kobold closely misses you.
You hit the kobold.
The kobold is moderately wounded.
The kobold hits you with a +0 club.
* * * LOW HITPOINT WARNING * * *
You closely miss the kobold.
The kobold is moderately wounded.
The kobold hits you but does no damage.
You closely miss the kobold.
The kobold is moderately wounded.
The kobold hits you with a +0 club.
You die...

..........##..###.
..........#..##...
.......)....##..##
.....!...(.......
.......(.......##
....####)...#..###. .##
##g......... #K#.(#...##
#@##.#....# .#
#...........
....#####........###
#.................
###########'###########.
#........'8.8+........#
#........#...#........#
#...⌠....##+##....⌠...#
##...................##


You could see a gnoll and a kobold.

Vanquished Creatures
  A hobgoblin (D:1)
  A kobold (D:1)
2 creatures vanquished.

Notes
Turn   | Place    | Note
-------+----------+-------------------------------------------
     0 | D:1      | Lanoc the Gargoyle Necromancer began the quest for the Orb.
     0 | D:1      | Reached XP level 1. HP: 10/10 MP: 3/3
    71 | D:1      | Slain by a kobold

Illustrated notes

Levels and vault maps discovered:
D:1:      giann_wishing_wells, layout_rooms

Action                   || total
-------------------------++-------
Melee: Unarmed           ||     9
 Cast: Pain              ||     4
Armor: Robe              ||     3
Dodge: Dodged            ||     8

Table legend: (Time is in decaauts)
 A = Elapsed time spent in this place.
 B = Non-inter-level travel time spent in this place.
 C = Inter-level travel time spent in this place.
 D = Time resting spent in this place.
 E = Time spent auto-exploring this place.
 F = Levels seen in this place.
 G = Mean time per level.
                   A        B        C        D        E       F      G
               +--------+--------+--------+--------+--------+-----+--------+
         Total |     71 |     71 |      0 |      0 |     44 |   1 |   71.0 |
       Dungeon |     71 |     71 |      0 |      0 |     44 |   1 |   71.0 |
               +--------+--------+--------+--------+--------+-----+--------+

Top non-repeatable levels by time:
     D:1: 71 daAuts
